 Dungeon Crawl Stone Soup version 0.31-a0-1205-g5e5e916f41 (webtiles) character file.

Game seed: 10398405889152017790

59 rovamarkku the Scratcher (level 3, 0/18 HPs)
             Began as a Felid Shapeshifter on Dec 13, 2023.
             Succumbed to an adder's poison
             ... on level 2 of the Dungeon.
             The game lasted 00:07:02 (1471 turns).

rovamarkku the Scratcher (Felid Shapeshifter)       Turns: 1471, Time: 00:07:03

Health: 0/18       AC:  1    Str: 10    XL:     3   Next: 78%
Magic:  4/4        EV: 17    Int: 13    God:
Gold:   90         SH:  0    Dex: 17    Spells: 2/2 levels left
                                        Lives:  0   Deaths: 1

rFire   . .          .
                       - Unarmed
rCold   . . .        (shield unavailable)
rNeg    . . .        (body armour unavailable)
rPois   .            (helmet unavailable)
rElec   .            (cloak unavailable)
rCorr   .            (gloves unavailable)
SInv    +            (boots unavailable)
Will    .....        (no amulet)
Stlth   ++           (no ring)
HPRegen 0.23/turn    (no ring)
MPRegen 0.09/turn

%: no passive effects
@: lethally poisoned (0 -> -2)
A: very small, claws 1, fangs 3, see invisible, shaggy fur 1, stealthy paws, no
weapons or thrown items, no armour, multi-lived, devolution 1
a: no special abilities


You were on level 2 of the Dungeon.
You visited 1 branch of the dungeon, and saw 2 of its levels.

You collected 90 gold pieces.

Inventory:

Talismans
 b - a beast talisman
 c - a flux talisman
Wands
 i - a wand of flame (10) (quivered)
Scrolls
 e - 2 scrolls of identify
 f - a scroll of enchant armour {unknown}
 j - a scroll of blinking {unknown}
 k - a scroll of immolation
Potions
 a - a potion of lignification
 d - a potion of resistance
 h - a potion of heal wounds {unknown}


   Skills:
 + Level 1.1 Fighting
 + Level 2.8 Dodging
 + Level 1.2 Stealth
 + Level 4.0 Unarmed Combat
 + Level 3.2 Shapeshifting


You had 2 spell levels left.
You didn't know any spells.
Your spell library was empty.

Dungeon Overview and Level Annotations

Branches:
Dungeon (2/15)

Altars:

Shops:
D:2 *


Innate Abilities, Weirdness & Mutations

You have sharp claws.
You have razor-sharp teeth.
You have supernaturally acute eyesight. (SInv)
You are covered in fur. (AC +1)
Your paws help you pounce on unaware monsters.
You are incapable of wielding weapons or throwing items.
You cannot wear armour.
You gain extra lives every three experience levels.
You have hidden genetic defects.


Message History

You see here a quokka corpse.
An adder comes into view.
A goblin comes into view. It is wielding a +0 dagger.
The adder hisses angrily.
The adder barely misses you. The adder bites you.
You are poisoned.
The adder poisons you!
You barely miss the adder.
You feel sick. The goblin hits you with a +0 dagger. The adder misses you.
You feel sick. The goblin misses you.
You feel sick. The adder attacks as it pursues you! The adder bites you.
The goblin barely misses you.
You feel sick. The adder misses you.
You feel sick.
You are no longer poisoned.
Aiming: Throw Flame
Press: ? - help, Q - select action Shift-Dir - straight line, f - goblin
Aim: a goblin, wielding a +0 dagger (60% to hit)
The puff of flame hits the goblin.
You kill the goblin!
The adder closely misses you.
Aiming: Throw Flame
Press: ? - help, Q - select action Shift-Dir - straight line, f - adder
Aim: an adder (48% to hit)
The puff of flame hits the adder!
The adder is severely wounded.
The adder closely misses you.
You closely miss the adder.
The adder is severely wounded.
The adder bites you.
* * * LOW HITPOINT WARNING * * *
You are lethally poisoned!
The adder poisons you!
You barely miss the adder. Your claw misses the adder.
The adder is severely wounded.
* * * LOW HITPOINT WARNING * * *
You feel sick. The adder closely misses you.
It was a potion of mutation.
You feel extremely strange.
You feel a hidden malignance growing inside you.
You die...

#.#####.#
##........8.##...###.#
#.∩.....#
#.............### #.#
#.#######
##........##### #..
.## #..8...### ### ##
##...### # . #.####
...###.##.##.#
#.............#
#.....##@#.####
###.#.##S#.###
#..........#
###.##.....# # #.....#
#.....# ......#
..###### ...


You could see an adder.

Vanquished Creatures
  An adder (D:2)
  A worm (D:2)
  4 bats
  8 endoplasms
  4 giant cockroaches
  5 goblins
  3 hobgoblins (D:1)
  4 quokkas
  4 ball pythons
  3 frilled lizards (D:2)
  2 kobolds
  3 rats
42 creatures vanquished.

Notes
Turn   | Place    | Note
-------+----------+-------------------------------------------
     0 | D:1      | rovamarkku the Felid Shapeshifter began the quest for the
                  | Orb.
     0 | D:1      | Reached XP level 1. HP: 10/10 MP: 2/2
   158 | D:1      | Reached XP level 2. HP: 14/14 MP: 3/3
   818 | D:2      | Reached XP level 3. HP: 18/18 MP: 4/4
   837 | D:2      | Reached skill level 1 in Stealth
   878 | D:2      | Succumbed to an adder's poison
  1215 | D:2      | Reached skill level 4 in Unarmed Combat
  1218 | D:2      | Found a faded altar of an unknown god.
  1358 | D:2      | Found Vedolevi's Assorted Antiques.
  1471 | D:2      | Gained mutation: You have hidden genetic defects. [potion
                  | of mutation]
  1471 | D:2      | Succumbed to an adder's poison

Illustrated notes

Levels and vault maps discovered:
D:1:      tarquinn_simple_flora_water_e, layout_loops_ring
D:2:      minmay_skewed_foursquare, layout_loops_cross,
          hellmonk_ecumenical_altar_blasted, serial_shops, shop

Skill      XL: |  1  2  3 |
---------------+----------+-----
Shapeshifting  | 3 |  3.2
Stealth        | 1 |  1.2
Unarmed Combat | 4 |  4.0
Fighting       | |  1.1
Dodging        | |  2.8

Action                     || total
---------------------------++-------
  Melee: Unarmed           ||    88
         Bite              ||     8
         Punch             ||     2
Ability: Begin Untransform ||     1
  Evoke: Wand              ||     2
    Use: Scroll            ||     1
         Potion            ||     1
   Stab: Sleeping          ||     3
 Armour: Skin              ||    28
  Dodge: Dodged            ||    77

Table legend: (Time is in decaauts)
 A = Elapsed time spent in this place.
 B = Non-inter-level travel time spent in this place.
 C = Inter-level travel time spent in this place.
 D = Time resting spent in this place.
 E = Time spent auto-exploring this place.
 F = Levels seen in this place.
 G = Mean time per level.
                   A        B        C        D        E       F      G
               +--------+--------+--------+--------+--------+-----+--------+
         Total |   1464 |   1464 |      0 |      0 |   1097 |   2 |  732.0 |
       Dungeon |   1464 |   1464 |      0 |      0 |   1097 |   2 |  732.0 |
               +--------+--------+--------+--------+--------+-----+--------+

Top non-repeatable levels by time:
     D:2: 796 daAuts
     D:1: 668 daAuts
